 Dungeon Crawl Stone Soup version 0.21-a0-178-g0b87683 (webtiles) character file.

53734 FrankyJ the Nimble (level 14, 0/113 HPs)
             Began as a Merfolk Venom Mage on Aug 8, 2017.
             Was a High Priest of Wu Jian.
             Slain by a freezing wraith (22 damage)
             ... led by a death knight
             ... on level 12 of the Dungeon on Aug 9, 2017.
             The game lasted 02:52:34 (31813 turns).

FrankyJ the Nimble (Merfolk Venom Mage)            Turns: 31813, Time: 02:52:35

Health: 0/113      AC: 13    Str: 26    XL:     14   Next: 69%
Magic:  26/29      EV: 20    Int: 15    God:    Wu Jian [*****.]
Gold:   1258       SH:  6    Dex: 15    Spells: 4/35 levels left

rFire    . . .     SeeInvis .   n - +0 demon trident
rCold    . . .     Gourm    .   a - +1 buckler
rNeg     . . .     Faith    .   l - +0 steam dragon scales
rPois    .         Spirit   .   X - +2 hat
rElec    .         Reflect  .   x - +1 cloak
rCorr    .         Harm     .   O - +1 pair of gloves
MR       .....                  (no boots)
Stlth    ++++......             y - amulet of Meix {MR- Regen+ Str+9 Stlth+}
HPRegen  0.68/turn              Y - +5 ring of strength
MPRegen  0.21/turn              M - +4 ring of slaying

@: slowed, very slow
A: change form in water, swift swim, stealthy swim
a: Serpent's Lash, Heavenly Storm, Renounce Religion


You were on level 12 of the Dungeon.
You worshipped Wu Jian.
Wu Jian was extremely pleased with you.
You were not hungry.

You visited 3 branches of the dungeon, and saw 19 of its levels.
You also visited: Sewer.

You collected 1258 gold pieces.

Inventory:

Hand Weapons
 n - a +0 demon trident (weapon)
 G - a +2 trident
Missiles
 d - 23 tomahawks (quivered)
Armour
 a - a +1 buckler (worn)
 b - the +4 ring mail of Paatyech {rC++ MR+ Str+4}
   (You found it on level 2 of the Lair of Beasts)

   It affects your strength (+4).
   It greatly protects you from cold.
   It affects your resistance to hostile enchantments.
 l - +0 steam dragon scales (worn)
 x - a +1 cloak (worn)
 O - a +1 pair of gloves (worn)
 X - a +2 hat (worn)
Magical Staves
 p - an uncursed staff of energy
 P - an uncursed staff of poison
Jewellery
 j - an uncursed ring of see invisible
 k - a +3 amulet of reflection
 o - an uncursed ring of poison resistance
 y - the amulet of Meix (around neck) {MR- Regen+ Str+9 Stlth+}
   (You found it on level 9 of the Dungeon)

   [amulet of regeneration]

   It affects your strength (+9).
   It affects your resistance to hostile enchantments.
   It increases your rate of regeneration.
   It makes you more stealthy.
 L - a +3 ring of slaying
 M - a +4 ring of slaying (right hand)
 S - an uncursed ring of protection from fire {unknown}
 Y - a +5 ring of strength (left hand)
Wands
 i - a wand of iceblast (9/15)
 C - a wand of lightning (6/15)
 E - a wand of lightning (8/15)
 I - a wand of enslavement (12/24)
 T - a wand of disintegration (6/24)
 V - a wand of confusion (15/48)
Scrolls
 e - 9 scrolls of teleportation
 q - a scroll of fog
 s - 2 scrolls of recharging
 F - 3 scrolls of fear
 K - a scroll of magic mapping
 R - 4 scrolls of remove curse
 W - a scroll of summoning
 Z - a scroll of blinking
Potions
 f - 4 potions of curing
 m - 3 potions of brilliance
 r - a potion of mutation
 t - a potion of might
 v - 2 potions of cancellation
 z - 2 potions of heal wounds
 A - 3 potions of magic
 B - 3 potions of ambrosia
 D - 4 potions of lignification
 H - 5 potions of flight
 J - 2 potions of invisibility
 N - a potion of haste
 U - 2 potions of agility
Miscellaneous
 g - a fan of gales
Comestibles
 c - 10 bread rations
 h - 6 royal jellies
 u - 8 meat rations
 w - 5 fruits
 Q - 10 chunks of flesh


   Skills:
 - Level 11.1 Fighting
 - Level 10.0(11.2) Polearms
 - Level 4.7(6.0) Staves
 - Level 8.0 Armour
 - Level 11.2 Dodging
 - Level 4.0 Stealth
 + Level 4.1 Shields
 - Level 11.0 Spellcasting
 - Level 7.0 Conjurations
 - Level 9.0 Poison Magic


You had 4 spell levels left.
You knew the following spells:

 Your Spells              Type           Power        Failure   Level  Hunger
a - Sting                 Conj/Pois      ####         1%          1    None
b - Poisonous Vapours     Pois/Air       ###...       1%          2    None
c - Call Imp              Summ           #.......     13%         2    None
d - Mephitic Cloud        Conj/Pois/Air  ###.....     3%          3    None
e - Venom Bolt            Conj/Pois      ####......   9%          5    #####..
f - Olgreb's Toxic Radia  Pois           #####...     1%          4    ###....
g - Searing Ray           Conj           ####..       1%          2    None
h - Iskenderun's Mystic   Conj           ####....     4%          4    ###....
i - Fulminant Prism       Conj/Hex       ###.......   21%         4    ###....
j - Force Lance           Conj/Tloc      ###.....     21%         4    ###....


Dungeon Overview and Level Annotations

Branches:
Dungeon (12/15)            Temple (1/1) D:4            Lair (6/6) D:10
  Swamp (0/4) Lair:2       Spider (0/4) Lair:3        Slime (0/5) Lair:5
    Orc (0/2) D:12

Altars:
Ashenzari
Cheibriados
Dithmenos
Elyvilon
Fedhas
Gozag
Hepliaklqana
Kikubaaqudgha
Makhleb
Nemelex Xobeh
Okawaru
Qazlal
Ru
Sif Muna
Trog
Uskayaw
Vehumet
Wu Jian
Xom
Yredelemnul
Zin
The Shining One
Jiyva

Shops:
D:5 *

Annotations:
D:6 Kybe's ghost, novice HuGl
D:7 exclusion: ice statue
D:10 Gastronok


Message History

The freezing wraith hits you. The freezing wraith freezes you!
* * * LOW HITPOINT WARNING * * *
The freezing wraith misses you.
The death knight offers itself to Yredelemnul, and fills with unholy energy.
The freezing wraith hits you but does no damage.
The freezing wraith barely misses you.
You attack the freezing wraith from above.
You closely miss the freezing wraith.
You attack the wraith from above.
You impale the wraith!!
The wraith is severely damaged.
You attack the skeletal warrior from above.
You hit the skeletal warrior.
The skeletal warrior is lightly damaged.
The yak is distracted by your jump. x2
The yak bellows! x2
The yak looks more healthy.
The wraith closely misses you. The freezing wraith hits you.
* * * LOW HITPOINT WARNING * * *
The freezing wraith freezes you!!
You die...

.#####...##
#.##.######
##..# #.##.# #
#..# #.##.# #
#..# #<##.# #
#..### #.##.# #
#..#.## #....# #
#.....## #..#.#
# ##..§§§.##
#..#.# #
#...W@§..###%.#
#...WzY.........
#...W.Y..####.##
###.Y...##
##.p..# ##......
.......
.....###.
.####.#


You could see a death knight, a skeletal warrior, 2 freezing wraiths, 3 yaks and
a wraith.

Vanquished Creatures
  Nessos (Lair:4)
  A fire dragon (Lair:6)
  Harold (D:10)
  Fannar (Lair:2)
  8 hydras
  Erolcha (D:10)
  A catoblepas (Lair:1)
  2 two-headed ogres (D:8)
  Sonja (Lair:2)
  A fire crab (Lair:6)
  The ghost of ElMuncho the Zephyrmancer, a novice TeVM of Vehumet (D:7)
  An ugly thing (D:12)
  2 cyclopes
  14 elephants
  7 black mambas
  2 molten gargoyles (Lair:6)
  3 gargoyles
  12 spiny frogs
  A kobold demonologist (D:10)
  A rime drake (Lair:2)
  7 komodo dragons
  3 trolls
  3 polar bears
  3 tyrant leeches (Lair:2)
  2 hornets
  10 blink frogs
  12 hippogriffs
  A meliai zombie (D:11)
  5 wyverns
  A wraith (D:11)
  21 yaks
  4 hogs (D:8)
  A human (D:8)
  A steam dragon (Lair:6)
  3 basilisks
  3 wargs (D:11)
  A soldier ant (D:11)
  17 water moccasins
  4 hell hounds (Lair:6)
  Duvessa (D:4)
  9 porcupines
  8 sky beasts
  2 black bears
  4 phantoms
  6 orc warriors
  An eye of draining (D:10)
  A necrophage (D:6)
  5 ogres
  10 centaurs
  17 wolves
  8 crocodiles
  8 big kobolds
  19 bullfrogs
  Dowan (D:4)
  A water moccasin skeleton (D:5)
  5 scorpions
  10 killer bees
  3 electric eels
  5 howler monkeys
  5 lava snakes (Lair:6)
  3 crimson imps
  A bullfrog zombie (D:5)
  2 centaur zombies
  A quasit (D:11)
  6 hounds
  2 centaur skeletons
  3 jellies
  2 bullfrog skeletons
  3 orc priests
  A gnoll shaman (D:8)
  12 orc wizards
  3 iguanas
  5 worker ants
  A hound skeleton (D:4)
  Robin (D:4)
  5 worker ant zombies
  10 gnolls
  2 howler monkey skeletons
  18 adders
  A river rat (Sewer)
  3 shadow imps
  7 oozes
  An adder zombie (D:9)
  2 worms
  6 dart slugs
  6 leopard geckos
  41 orcs
  4 ball pythons (Sewer)
  13 bats
  10 giant cockroaches
  2 gnoll zombies (D:2)
  13 goblins
  8 hobgoblins
  19 jackals
  13 kobolds
  6 quokkas
  3 frilled lizards
  2 jackal skeletons
  2 quokka skeletons (D:6)
  A quokka zombie (D:5)
  14 rats
  6 butterflies (D:11)
  A fungus (Lair:2)
558 creatures vanquished.

Vanquished Creatures (others)
  A bush (Lair:6)
  3 fulminant prisms
  20 fungi
  5 plants (Lair:6)
29 creatures vanquished.

Grand Total: 587 creatures vanquished

Notes
Turn   | Place    | Note
-------+----------+-------------------------------------------
     0 | D:1      | FrankyJ the Merfolk Venom Mage began the quest for the Orb.
     0 | D:1      | Reached XP level 1. HP: 13/13 MP: 3/3
   284 | D:1      | Reached skill level 1 in Conjurations
   372 | D:1      | Reached XP level 2. HP: 20/20 MP: 3/5
   412 | D:1      | Reached skill level 1 in Fighting
  1377 | D:1      | Reached XP level 3. HP: 25/26 MP: 2/6
  2377 | D:2      | Reached XP level 4. HP: 9/34 MP: 1/7
  3378 | D:1      | Upgraded the game from 0.21-a0-173-g99db44b to 0.21-a0-176-gb3d4b37
  3530 | D:2      | Found a basalt altar of Yredelemnul.
  3581 | D:2      | Reached skill level 1 in Polearms
  3773 | D:2      | Reached XP level 5. HP: 34/40 MP: 1/8
  3793 | D:2      | Learned a level 2 spell: Poisonous Vapours
  4296 | D:3      | Reached skill level 5 in Dodging
  4785 | D:3      | Found a glowing drain.
  4800 | Sewer    | Entered a sewer
  4908 | Sewer    | Noticed a big kobold
  4937 | Sewer    | Killed a big kobold
  4937 | Sewer    | Reached XP level 6. HP: 41/47 MP: 1/9
  5044 | Sewer    | Reached skill level 5 in Polearms
  5288 | Sewer    | Reached XP level 7. HP: 44/52 MP: 5/10
  5788 | Sewer    | Learned a level 2 spell: Call Imp
  5792 | Sewer    | Learned a level 3 spell: Mephitic Cloud
  6830 | D:4      | Noticed Robin
  6850 | D:4      | Noticed Duvessa
  6864 | D:4      | Killed Robin
  6984 | D:4      | Noticed Dowan
  7016 | D:4      | Reached skill level 10 in Polearms
  7328 | D:4      | Reached XP level 8. HP: 51/58 MP: 4/11
  7774 | D:4      | Killed Duvessa
  7774 | D:4      | Reached skill level 5 in Fighting
  8041 | D:4      | Killed Dowan
  8100 | D:4      | Found a staircase to the Ecumenical Temple.
  8106 | Temple   | Entered the Ecumenical Temple
  8419 | D:5      | Entered Level 5 of the Dungeon
  9565 | D:5      | Reached XP level 9. HP: 75/75 MP: 8/12
  9612 | D:5      | Found Ychuisch's General Store.
 11190 | D:6      | Noticed Kybe's ghost (novice HuGl)
 11742 | D:6      | Found a hazy altar of Hepliaklqana.
 11912 | D:7      | Reached skill level 5 in Spellcasting
 11916 | D:7      | Found a shadowy altar of Dithmenos.
 12010 | D:7      | Noticed an ice statue
 12293 | D:7      | Noticed ElMuncho's ghost (novice TeVM)
 12335 | D:7      | Killed ElMuncho's ghost
 12335 | D:7      | Reached XP level 10. HP: 26/82 MP: 5/20
 12660 | D:7      | Found a sparkling altar of Nemelex Xobeh.
 12730 | D:7      | Noticed an angel
 12731 | D:7      | Found a glowing silver altar of Zin.
 13439 | D:8      | Reached skill level 5 in Poison Magic
 13815 | D:8      | Noticed a two-headed ogre
 14169 | D:8      | Killed a two-headed ogre
 14366 | D:8      | Learned a level 5 spell: Venom Bolt
 14681 | D:8      | Noticed a cyclops
 14690 | D:8      | Noticed a two-headed ogre
 14861 | D:8      | Killed a two-headed ogre
 14861 | D:8      | Reached skill level 1 in Staves
 14990 | D:8      | Found a sacrificial altar of Ru.
 15022 | D:8      | Killed a cyclops
 15248 | D:8      | Reached XP level 11. HP: 83/88 MP: 17/21
 16282 | D:9      | Upgraded the game from 0.21-a0-176-gb3d4b37 to 0.21-a0-178-g0b87683
 16312 | D:9      | Found an ornate altar of the Wu Jian Council.
 16361 | D:9      | Became a worshipper of the Wu Jian Council
 16713 | D:9      | Got a pitted zirconium amulet
 16718 | D:9      | Identified the amulet of Meix {MR- Regen+ Str+9 Stlth+} (You found it on level 9 of the Dungeon)
 16986 | D:9      | Found a glowing golden altar of the Shining One.
 17363 | D:10     | Entered Level 10 of the Dungeon
 17363 | D:10     | Noticed Gastronok
 17365 | D:10     | Noticed Harold
 17583 | D:10     | HP: 1/88 [troll (7)]
 17584 | D:10     | Reached skill level 5 in Conjurations
 17772 | D:10     | Identified a scroll of acquirement
 17795 | D:10     | Learned a level 4 spell: Olgreb's Toxic Radiance
 17848 | D:10     | Noticed Erolcha
 17864 | D:10     | Killed Erolcha
 18020 | D:10     | Found a staircase to the Lair.
 18327 | D:10     | Learned a level 2 spell: Searing Ray
 18587 | D:9      | Reached * piety under Wu Jian
 18682 | D:10     | Killed Harold
 19160 | Lair:1   | Entered Level 1 of the Lair of Beasts
 19168 | D:10     | Learned a level 4 spell: Iskenderun's Mystic Blast
 19173 | D:10     | Learned a level 4 spell: Fulminant Prism
 19275 | Lair:1   | Noticed a catoblepas
 19304 | Lair:1   | Killed a catoblepas
 19772 | Lair:1   | Reached XP level 12. HP: 86/94 MP: 18/25
 19799 | Lair:1   | Reached skill level 10 in Spellcasting
 19977 | Lair:1   | Learned a level 4 spell: Force Lance
 20444 | Lair:1   | Noticed Sonja
 20673 | Lair:1   | Reached skill level 10 in Fighting
 20925 | Lair:2   | Killed Sonja
 21080 | Lair:2   | Got a pitted ring mail
 21643 | Lair:2   | Noticed Fannar
 21671 | Lair:2   | Killed Fannar
 21943 | Lair:2   | Found a staircase to the Swamp.
 21982 | Lair:2   | HP: 2/99 [tyrant leech (15)]
 22380 | Lair:2   | Reached ** piety under Wu Jian
 22690 | Lair:3   | Got a fine sapphire amulet
 22780 | Lair:3   | Identified the amulet of Xom's Full Attention {rN+ Regen+ Dex+2} (You found it on level 3 of the Lair of Beasts)
 22971 | Lair:3   | Found a hole to the Spider Nest.
 24084 | Lair:4   | Noticed an eight-headed hydra
 24447 | Lair:4   | Noticed a four-headed hydra
 24467 | Lair:4   | Reached XP level 13. HP: 80/106 MP: 25/27
 24720 | Lair:4   | Noticed Nessos
 25097 | Lair:4   | Killed Nessos
 25097 | Lair:4   | Reached skill level 10 in Dodging
 25663 | Lair:5   | Reached *** piety under Wu Jian
 25963 | Lair:1   | Identified the +4 ring mail of Paatyech {rC++ MR+ Str+4} (You found it on level 2 of the Lair of Beasts)
 26224 | Lair:5   | Reached skill level 1 in Armour
 26687 | Lair:5   | Found a staircase to the Slime Pits.
 26687 | Lair:5   | Found a viscous altar of Jiyva.
 26917 | Lair:5   | Got a dazzling great sword
 27373 | Lair:6   | Entered Level 6 of the Lair of Beasts
 27686 | Lair:6   | Reached skill level 5 in Armour
 28013 | Lair:6   | Reached **** piety under Wu Jian
 28161 | Lair:6   | Reached XP level 14. HP: 105/113 MP: 17/28
 28398 | Lair:6   | HP: 5/113 [poisoned by a black mamba]
 28404 | Lair:6   | HP: 4/113 [poisoned by a black mamba]
 28410 | Lair:6   | HP: 5/113 [poisoned by a black mamba]
 28723 | Lair:6   | Identified the +8 great sword of Ylyag {holy, *Rage +Rage rN++ Str+6} (You found it on level 5 of the Lair of Beasts)
 29227 | Lair:6   | Found a large runed door.
 29227 | Lair:6   | Found a large runed door.
 30329 | D:10     | Reached ***** piety under Wu Jian
 30737 | D:11     | Reached skill level 1 in Shields
 30873 | D:11     | Found a runed door.
 30900 | D:11     | Found a runed door.
 31607 | D:12     | Found a staircase to the Orcish Mines.
 31813 | D:12     | Slain by a freezing wraith

Vault maps used:
D:1:      erik_arrival_cave_to_civilisation
D:2:      lemuel_zombie_altar_yredelemnul, minmay_pentomino_x4
D:3:      cheibrodos_sewer_entry_drain
D:4:      minmay_temple_entry_enclosed_plants, kennysheep_potato, uniq_robin,
          uniq_duvessa
D:5:      first_bread, serial_shops, shop
D:6:      kennysheep_mini_moat, serial_glass, glass_columns_c, glass_columns_a,
          glass_columns_b, glass_columns_a, glass_columns_c, glass_columns_b,
          kennysheep_dice
D:7:      lemuel_ice_statue, nicolae_overflow_crystal_walls, zin_angel,
          basic_altar, minmay_curled_crystal
D:8:      marbit_many_paths, grunt_livestock
D:9:      kennysheep_little_box, nicolae_tso_swordbearing_angel
D:10:     lair_entry_dummy, grunt_ministairs_1, uniq_harold, uniq_erolcha,
          uniq_gastronok
D:11:     lemuel_insect_pit
D:12:     minmay_orc_entry_guard_dogs
Temple:   eino_temple_scatter_basement
Lair:1:   infiniplex_staircase_pool_2, uniq_sonja
Lair:2:   minmay_swamp_entry_worms, lab_entry_generic, grunt_megastairs_3,
          uniq_fannar
Lair:3:   spider_nest_entry_web_field, gammafunk_lair_bear_cave,
          lemuel_fruit_tree
Lair:4:   uniq_nessos
Lair:5:   slime_altar_1
Lair:6:   cheibrodos_lair_end_hotspot
Sewer:    sewer_co_tree

Skill      XL: |  1  2  3  4  5  6  7  8  9 10 11 12 13 14 |
---------------+-------------------------------------------+-----
Conjurations   | 1 3 5 7 |  7.0
Dodging        | 3 4 5 8 11 | 11.2
Fighting       | 1 2 3 8 9 11 | 11.1
Polearms       | 1 4 7 10 | 10.0
Spellcasting   | 7 9 10 11 | 11.0
Poison Magic   | 8 9 |  9.0
Staves         | 3 4 |  4.7
Stealth        | 4 |  4.0
Armour         | 6 8 |  8.0
Shields        | 4 |  4.1

Action                   |  1- 3 |  4- 6 |  7- 9 | 10-12 | 13-15 || total
-------------------------+-------+-------+-------+-------+-------++-------
Melee: Unarmed           |    23 |       |       |       |       ||    23
       Short sword       |   129 |   173 |    88 |       |       ||   390
       Tailslap          |       |     1 |     1 |     1 |       ||     3
       Spear             |       |       |   399 |       |       ||   399
       Trident           |       |       |    99 |   602 |   665 ||  1366
       Staff             |       |       |       |    20 |       ||    20
       Demon trident     |       |       |       |       |   154 ||   154
       Great sword       |       |       |       |       |     3 ||     3
Throw: Tomahawk          |     2 |     5 |    28 |    19 |     3 ||    57
 Cast: Sting             |    55 |    42 |    13 |    17 |       ||   127
       Poisonous Vapours |       |    33 |   104 |   153 |    71 ||   361
       Call Imp          |       |       |     2 |     2 |       ||     4
       Mephitic Cloud    |       |       |     1 |    12 |     1 ||    14
       Venom Bolt        |       |       |       |    40 |    21 ||    61
       Searing Ray       |       |       |       |    24 |     7 ||    31
       Iskenderun's Myst |       |       |       |     8 |    28 ||    36
       Olgreb's Toxic Ra |       |       |       |     2 |     7 ||     9
       Fulminant Prism   |       |       |       |     2 |     1 ||     3
       Force Lance       |       |       |       |     1 |     1 ||     2
Evoke: Wand              |       |       |       |     7 |       ||     7
  Use: Potion            |     1 |     1 |     1 |     2 |     8 ||    13
       Scroll            |     2 |     5 |     6 |    28 |    11 ||    52
 Stab: Sleeping          |       |     3 |     3 |     8 |    14 ||    28
       Confused          |       |       |       |     3 |       ||     3
       Distracted        |       |       |       |     1 |     2 ||     3
  Eat: Chunk             |     6 |    13 |    22 |    44 |    23 ||   108
       Meat ration       |       |       |     2 |     3 |     1 ||     6
       Fruit             |       |       |       |     2 |     1 ||     3
       Bread ration      |       |       |       |       |     1 ||     1
Armor: Robe              |    35 |    30 |    59 |    21 |       ||   145
       Skin              |    19 |       |     3 |       |       ||    22
       Troll leather arm |       |       |       |   121 |    34 ||   155
       Ring mail         |       |       |       |       |   170 ||   170
       Steam dragon scal |       |       |       |       |    20 ||    20
Dodge: Dodged            |   146 |   159 |   248 |   390 |   650 ||  1593
Block: Buckler           |       |       |       |       |    10 ||    10
